[Event "Early-Titled-Tuesday-Blitz-September-05-2023"]
[Site "Chess.com"]
[Date "2023.09.05"]
[Round "4"]
[White "DarZay"]
[Black "vesalhamedinia"]
[Result "0-1"]
[WhiteElo "2270"]
[BlackElo "2488"]
[TimeControl "180+1"]
[EndTime "8:39:11 PDT"]
[Termination "vesalhamedinia won by resignation"]

1. e4 c5 2. Nf3 Nc6 3. d4 cxd4 4. Nxd4 Nf6 5. Nc3 e5 6. Ndb5 d6 7. Bg5 a6 8. Na3 b5 9. Nd5 Be7 10. Bxf6 Bxf6 11. c3 O-O 12. Nc2 Rb8 13. Be2 Bg5 14. Nce3 Be6 15. O-O Ne7 16. Qd3 Bxe3 17. Nxe3 d5 18. exd5 Nxd5 19. Nxd5 Bxd5 20. b3 Rc8 21. Rad1 Bb7 22. Qxd8 Rfxd8 23. c4 bxc4 24. Bxc4 a5 25. Rfe1 Kf8 26. f3 f6 27. Kf2 Bc6 28. Ke3 a4 29. Rc1 Rb8 30. Be6 Bd7 31. Bc4 axb3 32.
axb3 Bb5 33. Rc3 Rd4 34. Rec1 Be8 35. g3 Ra8 36. f4 Ra2 37. f5 Rxh2 38. b4 Rb2 39. b5 Bxb5 40. Bxb5 Rxb5 41. Rc8+ Ke7 42. R1c7+ Rd7 43. Rxd7+ Kxd7 44. Rg8 g6 45. fxg6 hxg6 46.
Rxg6 Ke6 47. g4 Kf7 48. Rh6 Kg7 49. Rh4 Rb4 50. Kf3 Kg6 51. Rh5 Rf4+ 52. Kg3 Ra4 53. Rh8 Ra3+ 54. Kh4 Ra1 55. Rg8+ Kf7 56. Rb8 Rg1 57. Rb6 Kg6 58. Rc6 Rg2 59. Rb6 Rg1 60. Rc6 Rf1 61. Rb6 Rf4 62. Rc6 Rf1 63. Rb6 Rh1+ 64.
Kg3 Kg5 65. Rb4 Rg1+ 66. Kf3 Rc1 67. Rb3 Rc4 68. Rb8 Rc3+ 69. Ke4 Rc4+ 70. Kf3 Rf4+ 71. Ke3 Kxg4 72. Rg8+ Kf5 73. Rf8 Rb4 74. Re8 Rb3+ 75. Ke2 Ke4 76. Rf8 f5 0-1

[Event "Early-Titled-Tuesday-Blitz-September-05-2023"]
[Site "Chess.com"]
[Date "2023.09.05"]
[Round "4"]
[White "viktorskliarov"]
[Black "amylazy"]
[Result "1/2-1/2"]
[WhiteElo "2657"]
[BlackElo "2445"]
[TimeControl "180+1"]
[EndTime "8:39:14 PDT"]
[Termination "Game drawn - insufficient material"]

1. e4 c5 2. Nf3 e6 3. c3 Nf6 4.
Bd3 Nc6 5. Bc2 e5 6. O-O d6 7.
d4 cxd4 8. cxd4 Bg4 9. d5 Nd4 10.
Nbd2 Rc8 11. Bd3 Be7 12. h3 Nxf3+ 13. Nxf3 Bd7 14. Be3 O-O 15. Qb3 b6 16. Ba6 Rc7 17. Nd2 Nh5 18. Be2 Nf6 19. Rac1 Ne8 20. Nb1 Bg5 21. Rxc7 Nxc7 22. Rc1 Ne8 23. f3 h6 24. Nd2 Bxe3+ 25. Qxe3 Nf6 26. Qa3 Nh5 27. Nf1 Bxh3 28. Qe3 Nf4 29. g3 Qg5 30. Kf2 Nxe2 31. Qxg5 hxg5 32.
Kxe2 Rc8 33. Rxc8+ Bxc8 34. Ne3 Ba6+ 35. Kd2 g6 36. a4 Kg7 37. b4 Kf8 38. b5 Bc8 39.
Nc4 Ke7 40. Ke3 Bd7 41. Kf2 f5 42. Ke3 f4+ 43. Kf2 g4 44. fxg4 Bxg4 45. a5 fxg3+ 46. Kxg3 Bd7 47. axb6 axb6 48. Nxb6 Bxb5 49. Nc8+ Kd7 50.
Na7 Bd3 51. Kf3 g5 52. Nc6 Bb1 53.
Nb4 g4+ 54. Ke3 g3 55. Kf3 Bxe4+ 56. Kxg3 Kc7 57. Kf2 Kb6 58. Ke3 Bh1 59. Kd3 Kc5 60. Na6+ Kxd5 61. Ke3 Ke6 62. Nb4 Bd5 63. Nc2 Bc4 64.
Ne1 d5 65. Nf3 d4+ 66. Nxd4+ Kd5 67. Nf3 e4 68. Ng5 Ke5 69. Nxe4 1/2-1/2

[Event "Early-Titled-Tuesday-Blitz-September-05-2023"]
[Site "Chess.com"]
[Date "2023.09.05"]
[Round "4"]
[White "ElenaPershina"]
[Black "Dewarfd"]
[Result "1/2-1/2"]
[WhiteElo "2326"]
[BlackElo "2146"]
[TimeControl "180+1"]
[EndTime "8:39:18 PDT"]
[Termination "Game drawn by repetition"]

1. c4 e6 2. g3 d5 3. Bg2 Nf6 4.
Nf3 c5 5. O-O Nc6 6. cxd5 exd5 7. d4 Be7 8. b3 Ne4 9. Bb2 Bf6 10. Nbd2 cxd4 11. Ne1 Nc3 12. Qb1 Nxe2+ 13. Kh1 O-O 14. Nef3 Bg4 15. Qd3 Bxf3 16. Nxf3 Nc3 17. Nxd4 Bxd4 18.
Bxc3 Bxc3 19. Qxc3 d4 20. Qd3 Nb4 21. Qc4 Qb6 22. Rad1 Rad8 23. Rd2 Nc6 24. Rfd1 Rd6 25. Bxc6 Rxc6 26. Qxd4 Qxd4 27. Rxd4 h6 28. Kg2 Rc2 29. R1d2 Rfc8 30. Rd7 Rxd2 31. Rxd2 Rc7 32. h4 g6 33. Kf3 Kg7 34. Ke4 Re7+ 35. Kf3 Rc7 36. g4 Re7 37. Kf4 Rc7 38. f3 a6 39. g5 hxg5+ 40. hxg5 Rc5 41. Rd7 Rf5+ 42. Kg4 Rb5 43. f4 a5 44. Rc7 b6 45. Rb7 Rb4 46. Kf3 a4 47. bxa4 Rxa4 48. Rxb6 Ra3+ 49. Kg4 Rxa2 50. Rb7 Ra4 51. Rc7 Ra1 52. Rb7 Rg1+ 53. Kf3 Rf1+ 54. Kg4 Rg1+ 55. Kf3 Rf1+ 56. Kg4 Re1 57. Kf3 Rc1 58. Kg4 Rc3 59. Ra7 Rb3 60.
Rc7 Ra3 61. Rb7 Ra1 62. Rc7 Rg1+ 63. Kf3 Rf1+ 64. Kg4 Rg1+ 65. Kf3 Rf1+ 66. Kg4 Rg1+ 1/2-1/2

[Event "Early-Titled-Tuesday-Blitz-September-05-2023"]
[Site "Chess.com"]
[Date "2023.09.05"]
[Round "4"]
[White "Amirreza_p"]
[Black "artin10862"]
[Result "0-1"]
[WhiteElo "2610"]
[BlackElo "2973"]
[TimeControl "180+1"]
[EndTime "8:39:19 PDT"]
[Termination "artin10862 won on time"]

1. Nf3 c5 2. c4 Nc6 3. b3 Nf6 4. Bb2 d5 5. cxd5 Nxd5 6. Nc3 e5 7. e3 Ndb4 8. d3 Bf5 9. Ne4 Qa5 10. Bc3 Rd8 11.
Nfd2 Qc7 12. Qb1 Qd7 13. a3 Nxd3+ 14. Bxd3 Qxd3 15. Qxd3 Rxd3 16. Ke2 Rd8 17. f3 Be7 18. Rhd1 O-O 19. Nc4 Be6 20. Ned6 Rd7 21. Rab1 a6 22.
a4 Rfd8 23. Ne4 Rxd1 24. Rxd1 Rxd1 25. Kxd1 b5 26. axb5 axb5 27. Ncd2 f6 28. Nf2 Kf7 29. Kc2 Ke8 30. e4 c4 31. bxc4 bxc4 32. Nd1 Nd4+ 33. Kb2 Nb5 34. Ne3 Ba3+ 35. Kc2 Nxc3 36. Kxc3 Bc5 37.
Nexc4 Bg1 38. h3 Bd4+ 39. Kd3 Ba7 40. Ne3 Bc8 41. Nd5 Ba6+ 42. Nc4 Kf7 43. Kc3 Kg6 44. Nb4 Bd4+ 45. Kb3 Bb5 46. Nd6 Bf1 47. Nf5 Bf2 48. g4 Bxh3 49. Nd3 Ba7 50. Kc3 Kg5 51. Kd2 Bb6 52.
Ke2 Bg2 53. Nd6 Ba5 54. Nf7+ Kh4 55. Nd6 Kg3 56. Nf5+ Kh2 57. Ne3 Bh3 58. Nf5 g6 59. Ne3 Kg1 60. Nf2 Bg2 61. Nd3 Bb6 62. Nf2 Bxe3 63. Kxe3 h5 64. gxh5 gxh5 65. f4 exf4+ 66. Kxf4 Kxf2 0-1

[Event "Early-Titled-Tuesday-Blitz-September-05-2023"]
[Site "Chess.com"]
[Date "2023.09.05"]
[Round "4"]
[White "XDPS"]
[Black "DenLaz"]
[Result "0-1"]
[WhiteElo "2862"]
[BlackElo "3077"]
[TimeControl "180+1"]
[EndTime "8:39:20 PDT"]
[Termination "DenLaz won on time"]

1. e4 c5 2. Nf3 e6 3. g3 Nc6 4. Bg2 Nf6 5. Qe2 Be7 6. O-O O-O 7. e5 Nd5 8. Re1 d6 9. exd6 Qxd6 10. Nc3 b6 11.
Nxd5 exd5 12. d4 Bg4 13. Bf4 Qf6 14. dxc5 Bxc5 15. c3 d4 16. b4 Bd6 17. Bxd6 Qxd6 18. Qe4 Bxf3 19. Bxf3 Rac8 20. Rad1 Qf6 21. b5 Ne5 22.
Bg2 Nc4 23. Rxd4 Na3 24. c4 Nc2 25. Qxc2 Qxd4 26. Bc6 Qf6 27. Re3 g6 28. Qe2 Kg7 29. Rf3 Qa1+ 30. Kg2 Rc7 31. Re3 Qd4 32. Bd5 Qf6 33.
h4 h5 34. a4 Rd7 35. a5 bxa5 36. Rf3 Qd4 37. Qc2 Rc8 38. Qa4 Qb6 39. Qa1+ f6 40. Qe1 Qd6 41. Re3 Rf8 42. Re6 Qc5 43. Qe4 a4 44. Ra6 a3 45. Qf3 Qd4 46. Rxa3 Re7 47.
Ra6 Qe5 48. Qd3 Rfe8 49. Qf3 Qd4 50. Bc6 Rd8 51. Bd5 Rde8 52. Rc6 Re2 53. Rc7+ R8e7 54. Rc8 Re8 55. Rc7+ R2e7 56. Rc6 Re2 57. c5 R2e7 58. b6 axb6 59. cxb6 Rd8 60. Bb3 Rb8 61. Bd5 Rxb6 62. Rc8 Rd6 63. Rg8+ Kh7 64. Bb3 Qe4 65. Rf8 Qxf3+ 66. Kxf3 Kg7 67. Rb8 Rd3+ 68. Kg2 Rd2 69. Bc4 Rc7 70. Bb3 Rb2 71. Rb4 Rc3 72. Rb7+ Kh6 73. Bd5 Rd2 74. Be4 f5 0-1

[Event "Early-Titled-Tuesday-Blitz-September-05-2023"]
[Site "Chess.com"]
[Date "2023.09.05"]
[Round "4"]
[White "hongnhung1234"]
[Black "Karacsonyi_Gellert"]
[Result "0-1"]
[WhiteElo "2542"]
[BlackElo "2825"]
[TimeControl "180+1"]
[EndTime "8:39:25 PDT"]
[Termination "Karacsonyi_Gellert won by resignation"]

1. e4 c5 2. Nc3 Nc6 3. Bb5 Nd4 4. Bc4 g6 5. Nf3 Bg7 6. Nxd4 cxd4 7. Qf3 Nh6 8. Ne2 O-O 9. d3 Ng4 10. Qg3 d6 11.
O-O a5 12. a4 Ne5 13. Bb3 Nd7 14.
f4 Nc5 15. Bc4 Bd7 16. b3 Rc8 17. f5 Kh8 18. Qh4 d5 19. Bxd5 Bxf5 20. Bc4 Be6 21.
Bb5 Nd7 22. Bg5 f6 23. Bh6 Ne5 24. Bxg7+ Kxg7 25. Nf4 Bf7 26. Rf2 Qd6 27. Raf1 g5 28. Qg3 Nc6 29. Ne2 Qxg3 30. Nxg3 Be6 31. Bxc6 Rxc6 32.
e5 Rc5 33. exf6+ exf6 34. Rxf6 Rxf6 35. Rxf6 Bf7 36. Rf2 Bg6 37. Kf1 h5 38. Ke1 h4 39.
Nf1 Re5+ 40. Kd2 Bh5 41. Kc1 b6 42. Nd2 Re1+ 43. Kb2 g4 44. Nc4 g3 45. hxg3 hxg3 46.
Rf5 Kg6 47. Rd5 Rg1 48. Rxd4 Rxg2 49. Nxb6 Bd1 50. Rc4 Rxc2+ 51. Rxc2 Bxc2 52. Nd5 Bd1 53. Kc1 Kg5 54. Ne3 Bxb3 55. d4 Bxa4 56. d5 Kf4 57. Kd2 Bd7 58. Ke2 a4 59. Ng2+ Ke4 60. Kd2 a3 61. Kc3 Kxd5 62. Kb3 Ke4 63. Kxa3 Kf3 64.
Nh4+ Kg4 65. Ng2 Bc6 66. Ne1 Kf4 67. Kb2 Ke3 68. Kc2 Ke2 69. Nd3 Be4 70. Kc3 Bxd3 0-1

[Event "Early-Titled-Tuesday-Blitz-September-05-2023"]
[Site "Chess.com"]
[Date "2023.09.05"]
[Round "4"]
[White "vidavi"]
[Black "Goi_Manne"]
[Result "0-1"]
[WhiteElo "2446"]
[BlackElo "2306"]
[TimeControl "180+1"]
[EndTime "8:39:28 PDT"]
[Termination "Goi_Manne won on time"]

1. e4 c6 2. d4 d5 3. e5 Bf5 4. Bd3 Bxd3 5. Qxd3 e6 6. f4 Ne7 7. Nf3 Nd7 8. O-O Qc7 9. c4 dxc4 10.
Qxc4 Nb6 11. Qc2 Nbd5 12. Nc3 O-O-O 13. Ne4 Nf5 14. Qe2 Qb6 15. Rd1 h6 16. g4 Nfe7 17. Nd6+ Kb8 18. Be3 Nxe3 19. Qxe3 Nd5 20. Qd2 Bxd6 21.
exd6 Rxd6 22. Ne5 Qc7 23. Rac1 f6 24. Nc4 Rd7 25. Rf1 Re8 26. b4 Nb6 27. Na5 Qd6 28.
Rfd1 Nd5 29. Rf1 Nc7 30. Rfd1 Nb5 31. Nb3 Red8 32. Rc4 g5 33. a4 Nc7 34. Nc5 Re7 35.
fxg5 hxg5 36. Ne4 Qd5 37. Qe2 f5 38. Nf6 Qd6 39. b5 cxb5 40. axb5 Nxb5 41. Rb4 Nc7 42. Rdb1 Qc6 43. Rxb7+ Qxb7 44. Rxb7+ Kxb7 45. d5 Nxd5 46. Nxd5 Rxd5 47. gxf5 Rxf5 48. Qe4+ Kc7 49. Qc4+ Kd7 50. Qa4+ Kd6 51. Qa3+ Rc5 52. Kf2 Rc7 53. Ke3 Kc6 54. Qa4+ Kb7 55. Qb4+ Ka8 56. Qe4+ R5c6 57. Kd4 Kb7 58.
Ke5 Kb6 59. Qb4+ Ka6 60. Kf6 Rb6 61. Qa4+ Kb7 62. Qe4+ Rbc6 63. Kxg5 a5 64. Qa4 Ka6 65. Kf6 e5+ 66. Kxe5 Rc5+ 67. Kd6 Rc4 68. Qb3 R7c6+ 69. Kd5 R4c5+ 70. Kd4 Rb5 71. Qa3 Rcb6 72. h4 Rb4+ 73.
Kc5 R6b5+ 74. Kc6 Rb6+ 75. Kd5 Rxh4 76. Qd3+ Rb5+ 77. Kc6 Rb4 78. Qd7 Rc4+ 79. Kd6 Rd4+ 0-1

[Event "Early-Titled-Tuesday-Blitz-September-05-2023"]
[Site "Chess.com"]
[Date "2023.09.05"]
[Round "4"]
[White "Zarinur"]
[Black "chess94cu"]
[Result "0-1"]
[WhiteElo "2524"]
[BlackElo "2719"]
[TimeControl "180+1"]
[EndTime "8:39:31 PDT"]
[Termination "chess94cu won on time"]

1. e4 c6 2. d4 d5 3. exd5 cxd5 4. Bd3 Nc6 5. c3 Qc7 6. Ne2 Bg4 7. f3 Bh5 8. Bf4 Qb6 9. b4 Nf6 10. O-O e5 11. Be3 Be7 12. Bf2 exd4 13. Nxd4 Nxd4 14.
Bxd4 Qc6 15. Re1 Kf8 16. Nd2 Bg6 17. Nb3 b6 18. Rc1 Rc8 19. Be5 Bd6 20. Nd4 Qd7 21.
Bb5 Qc7 22. Nc6 a6 23. Bxd6+ Qxd6 24. Ne7 Ra8 25. Bc6 Rd8 26. Nxg6+ hxg6 27. Ba4 Rh5 28.
h3 b5 29. Bb3 Re5 30. Qd4 Rde8 31. Rxe5 Rxe5 32. Rd1 Re2 33. Rd2 Re1+ 34. Kf2 Ra1 35. Bxd5 Nxd5 36. Qxd5 Qxd5 37. Rxd5 Rxa2+ 38. Kg3 Rc2 39. Rd6 Rxc3 40. Rxa6 Rc4 41. Rb6 Rxb4 42. Rb7 g5 43.
Kf2 g6 44. Kg3 Kg7 45. Rb6 Rb2 46. Rc6 b4 47. Rb6 b3 48. Rb5 Kf6 49. Rb6+ Ke5 50. Rb5+ Kf6 51. Rb6+ Ke7 52. Rb7+ Ke6 53. Rb6+ Kd5 54.
Rb7 f5 55. f4 gxf4+ 56. Kxf4 Kc4 57. Rc7+ Kd3 58. Rd7+ Kc3 59. Rc7+ Kd2 60. g4 fxg4 61. hxg4 Rc2 62. Rb7 Rc4+ 63. Kg5 Kc2 64. Kxg6 Rxg4+ 65. Kf5 Rg3 66. Rc7+ Rc3 67. Rb7 b2 68. Ke4 Rb3 69.
Rc7+ Kd2 70. Rd7+ Ke2 0-1

[Event "Early-Titled-Tuesday-Blitz-September-05-2023"]
[Site "Chess.com"]
[Date "2023.09.05"]
[Round "4"]
[White "Goryachkina"]
[Black "Yerlan-Ra"]
[Result "1-0"]
[WhiteElo "2666"]
[BlackElo "2409"]
[TimeControl "180+1"]
[EndTime "8:39:32 PDT"]
[Termination "Goryachkina won on time"]

1. e4 e5 2. Nf3 d6 3. d4 exd4 4.
Qxd4 Nf6 5. Nc3 Be7 6. Bg5 Nc6 7. Qd3 O-O 8. Be2 Be6 9. O-O h6 10. Bh4 Re8 11. Rad1 Nh5 12. Bxe7 Qxe7 13. Qd2 Qf6 14. Rfe1 Nf4 15. Kh1 Rad8 16. Nd4 Nxe2 17. Rxe2 Ne5 18. Nxe6 fxe6 19. f3 Ng6 20. Qe1 Rf8 21. b3 Kh7 22.
Re3 Qg5 23. Qf2 Rf7 24. Ne2 Rdf8 25. Rc3 a5 26. a4 Ne5 27. Qg3 Qh5 28. Nd4 Re8 29.
Nb5 Ree7 30. h3 g5 31. Re3 Qg6 32. Ree1 h5 33. Nd4 Qf6 34. Ne2 Rg7 35. Rf1 Kg8 36. Qf2 Ref7 37. Qd4 g4 38. f4 gxh3 39. gxh3 Qh4 40. Qe3 Ng4 41. Qf3 Rf6 42. Qg3 Qxg3 43. Nxg3 Ne3 44. Nxh5 Nxd1 45. Rxd1 Rh6 46. Nxg7 Kxg7 47.
Kg2 Kf6 48. Kg3 Rg6+ 49. Kf3 Rh6 50. Kg3 e5 51. f5 Rh7 52. Rf1 Rg7+ 53. Kf3 Rh7 54.
Kg3 Kg5 55. f6 Rf7 56. Rf5+ Kg6 57. Kg4 c6 58. c4 Kh6 59. h4 Kg6 60. h5+ Kh6 61.
Kh4 b6 62. Kg4 Rf8 63. f7 Kg7 64. Kg5 Rxf7 65. h6+ Kg8 66. Rxf7 Kxf7 67. Kf5 1-0

[Event "Early-Titled-Tuesday-Blitz-September-05-2023"]
[Site "Chess.com"]
[Date "2023.09.05"]
[Round "4"]
[White "Zhani-Z"]
[Black "C_K_G"]
[Result "0-1"]
[WhiteElo "2275"]
[BlackElo "2075"]
[TimeControl "180+1"]
[EndTime "8:39:37 PDT"]
[Termination "C_K_G won on time"]

1. e4 c5 2. Nf3 d6 3. Bb5+ Bd7 4. Bxd7+ Qxd7 5. O-O Nc6 6. c3 Nf6 7. Re1 e5 8. d4 cxd4 9. cxd4 Be7 10. dxe5 dxe5 11. Qxd7+ Nxd7 12. Nc3 O-O 13. Be3 Bc5 14. Rad1 Bxe3 15.
Rxd7 Bd4 16. Rxb7 Bxc3 17. bxc3 f6 18. Rc7 Na5 19. Rb1 Rfc8 20. Rxc8+ Rxc8 21. Rb5 Rxc3 22. h3 Nc6 23. a4 a5 24. Nd2 Kf8 25. Nb3 Rc4 26.
Nxa5 Nxa5 27. Rxa5 Rxe4 28. Ra8+ Kf7 29. Ra7+ Kg6 30.
a5 Re1+ 31. Kh2 Ra1 32. a6 f5 33. g4 f4 34. Kg2 e4 35. Re7 e3 36. Re6+ Kg5 37.
fxe3 fxe3 38. Rxe3 Rxa6 39. Kg3 h6 40. Re7 Kg6 41.
Re3 Kg5 42. h4+ Kg6 43. Rf3 Ra1 44. h5+ Kh7 45. Rd3 Rg1+ 46. Kf4 Rg2 47. Kf5 Rf2+ 48.
Ke4 Kg8 49. Rd8+ Kf7 50. Rd7+ Kf6 51. Rd6+ Ke7 52. Ra6 Rf1 53. Ke5 Kf7 54. Ra7+ Kg8 55. Ke6 Rf4 56. Ra8+ Kh7 57. g5 hxg5 58. Ra5 Kh6 59.
Ke5 Rf1 60. Ra7 Kxh5 61. Rxg7 g4 62. Rh7+ Kg5 63. Rh8 g3 64. Rg8+ Kh4 65. Ke4 Kh3 66. Ke3 Kh2 67. Rh8+ Kg1 68. Ke2 Rf5 69. Rg8 g2 70.
Ke3 Kf1 0-1

[Event "Early-Titled-Tuesday-Blitz-September-05-2023"]
[Site "Chess.com"]
[Date "2023.09.05"]
[Round "4"]
[White "rasmussvane"]
[Black "nrvisakh"]
[Result "0-1"]
[WhiteElo "2958"]
[BlackElo "2843"]
[TimeControl "180+1"]
[EndTime "8:39:42 PDT"]
[Termination "nrvisakh won by resignation"]

1. Nf3 Nf6 2. g3 g6 3. Bg2 b6 4.
O-O Bb7 5. d4 Bg7 6. c4 O-O 7.
Re1 e6 8. Bf4 c5 9. Nc3 Ne4 10.
Qd3 Nxc3 11. bxc3 cxd4 12. cxd4 d6 13. e4 Nc6 14. Rac1 e5 15. Bg5 Bf6 16. Bh6 Bg7 17. Bxg7 Kxg7 18. dxe5 dxe5 19. Qc3 Qf6 20. Red1 Rfd8 21.
c5 Rac8 22. Rxd8 Rxd8 23. cxb6 axb6 24. Qe3 Nd4 25. Nxd4 Rxd4 26. h4 h5 27. Rb1 Qe6 28.
a3 Qd6 29. Rb3 Ba6 30. Kh2 Bc4 31. Rc3 b5 32. Bf3 Rd2 33. Bg2 Qd4 34. Kg1 Rd1+ 35.
Kh2 Qd2 36. Qxd2 Rxd2 37. Kg1 Rd1+ 38. Kh2 Rd3 39. Rxd3 Bxd3 40. Kg1 Kf6 41. f4 Ke6 42. Kf2 Kd6 43. Ke3 Bc4 44. Kd2 Kc5 45. Kc3 Be2 46.
Bh1 Bg4 47. fxe5 Be6 48. Bf3 Bd7 49. Be2 Be6 50. Bd1 Bc4 51. Bc2 Be6 52. Bd3 Ba2 53. Be2 Be6 54. Bd1 Bc4 55. Bb3 Be6 56. Bc2 Bc4 57.
Bb3 Be6 58. Bxe6 fxe6 59. Kb3 Kc6 60. Kb4 Kb6 61. Kb3 Ka5 62. Kc3 Ka4 63. Kd4 Kxa3 64. Kc5 b4 65. Kd6 b3 66. Kxe6 b2 67. Kf7 b1=Q 68. e6 Qxe4 69. e7 Qf5+ 70. Kg7 Qe6 71. Kf8 Qf6+ 72. Ke8 Kb4 73. Kd7 Qd4+ 74. Kc7 Qc5+ 75.
Kd8 Qd6+ 76. Ke8 Kc4 77. Kf7 Qd5+ 78. Kxg6 Qe6+ 79. Kxh5 Qxe7 80. g4 Qh7+ 81. Kg5 Qg7+ 82. Kh5 Kd5 83. g5 Ke5 84. g6 Kf6 85. Kg4 Qxg6+ 0-1

[Event "Early-Titled-Tuesday-Blitz-September-05-2023"]
[Site "Chess.com"]
[Date "2023.09.05"]
[Round "4"]
[White "hakanazeri2"]
[Black "Mr_Lion22"]
[Result "0-1"]
[WhiteElo "2598"]
[BlackElo "2432"]
[TimeControl "180+1"]
[EndTime "8:39:44 PDT"]
[Termination "Mr_Lion22 won on time"]

1. Nf3 d5 2. d4 c6 3. Nc3 Nf6 4. Bf4 Bf5 5. e3 Nbd7 6. Bd3 Bxd3 7. Qxd3 e6 8. O-O Be7 9. e4 dxe4 10. Nxe4 Nxe4 11. Qxe4 Nf6 12. Qe2 O-O 13. c3 Bd6 14.
Bxd6 Qxd6 15. Ne5 Rfd8 16. Qf3 Qd5 17. Qxd5 cxd5 18. f4 g6 19. g4 Ne4 20. f5 f6 21.
Nd3 exf5 22. gxf5 g5 23. Rae1 Re8 24. h4 h6 25. hxg5 hxg5 26. Kg2 Kg7 27. Re3 Nd6 28. Re6 Nxf5 29. Rxe8 Nh4+ 30. Kf2 Rxe8 31. a4 f5 32. Nb4 Rd8 33. Re1 Ng6 34. a5 a6 35.
Nd3 Rd7 36. Nc5 Rf7 37. Re6 Nf4 38. Rb6 g4 39. Rxb7 Nd3+ 40. Kg3 Nxc5 41. Rxf7+ Kxf7 42. dxc5 Ke6 43. b4 Kd7 44. Kf4 Kc6 45. Kg3 Kb5 46. Kf4 Kc6 47. Ke3 Kd7 48. b5 axb5 49. a6 Kc7 50. Kf4 Kc6 51. Ke5 g3 52. a7 Kb7 53.
c6+ Kxa7 54. Kd6 g2 55. c7 g1=Q 56. c8=Q Qb6+ 57. Ke5 Qe3+ 58. Kxd5 Qe4+ 59. Kd6 f4 60. Qc5+ Ka6 61. Qc8+ Kb6 62. Qb8+ Ka6 63. Qc8+ Ka5 64.
Qd8+ Ka4 65. Qf6 f3 66. Kc5 Qe3+ 67. Kc6 f2 68. Qf5 Qe2 69. Qc5 Kb3 70. Qb4+ Kc2 0-1

[Event "Early-Titled-Tuesday-Blitz-September-05-2023"]
[Site "Chess.com"]
[Date "2023.09.05"]
[Round "4"]
[White "Bigfish1995"]
[Black "ckgchess"]
[Result "0-1"]
[WhiteElo "3091"]
[BlackElo "2883"]
[TimeControl "180+1"]
[EndTime "8:39:45 PDT"]
[Termination "ckgchess won by resignation"]

1. a3 e5 2. Ra2 Nf6 3. Ra1 d5 4. Ra2 Bc5 5. e3 O-O 6. b4 Bb6 7. c4 c6 8. Bb2 Re8 9. Nf3 Bc7 10.
Be2 a5 11. b5 Nbd7 12. bxc6 bxc6 13. cxd5 cxd5 14. Nc3 e4 15. Nd4 Ne5 16. h3 Ba6 17. Ncb5 Bb8 18. a4 Nfd7 19. Ba3 Qg5 20. O-O Nf6 21.
Rc2 Bc8 22. f4 exf3 23. Nxf3 Qg3 24. Rxc8 Nxf3+ 25. Bxf3 Rxc8 26. d3 Re8 27. Qd2 Qh2+ 28. Kf2 Bg3+ 29. Ke2 Rac8 30. Bb2 Bf4 31. Bd4 Bg5 32.
Kf2 Bh4+ 33. Ke2 Nh5 34. Kd1 Ng3 35. Re1 Nf5 36. Rf1 Nxd4 37. exd4 Rcd8 38. Qxa5 Qg3 39. Qd2 g6 40. Nc3 Bg5 41. Qf2 Qxf2 42. Rxf2 Be3 43.
Rc2 Bxd4 44. Nxd5 Kg7 45. Rc4 Bg1 46. a5 Re5 47. Nb4 Rxa5 48. Ke2 Re8+ 49. Kd2 Be3+ 50. Kc2 Bg5 51. d4 Bf6 52. d5 Ra4 53. Kb3 Ra1 54.
d6 Rd8 55. Rc6 Rb1+ 56. Kc4 Rc1+ 57. Kb5 Rb1 58. Kc5 Be5 59. Nd3 Bf6 60. Bg4 Ra1 61. d7 Ra3 62. Nb4 Be7+ 63. Kb5 Rb3 64. Rc4 Rxb4+ 65.
Rxb4 Bxb4 66. Kxb4 f5 67. Bf3 Rxd7 68. Kc3 Re7 69.
Kd4 Kf6 70. h4 h6 71. g3 g5 72. hxg5+ hxg5 73. Kd3 Re8 74. Kd4 Re7 75. Kd3 Ke5 76.
Ke3 Ra7 77. Be2 Ra3+ 78. Kf2 Ra2 79. Ke3 Ra3+ 80. Kf2 Ke4 81. Bb5 Ra2+ 82. Ke1 Kf3 83. Bc4 Ra1+ 84. Kd2 Kxg3 0-1

[Event "Early-Titled-Tuesday-Blitz-September-05-2023"]
[Site "Chess.com"]
[Date "2023.09.05"]
[Round "4"]
[White "CristianS27"]
[Black "Atanejhad"]
[Result "1/2-1/2"]
[WhiteElo "2510"]
[BlackElo "2407"]
[TimeControl "180+1"]
[EndTime "8:39:53 PDT"]
[Termination "Game drawn - insufficient material"]

1. e4 e5 2. Nf3 Nc6 3. Bc4 d6 4. h3 Be7 5. d4 exd4 6. Nxd4 Nf6 7. Nc3 O-O 8. O-O a6 9. Nxc6 bxc6 10. Bb3 a5 11. a4 Nd7 12. Be3 Ba6 13. Re1 Ne5 14.
f4 Nc4 15. Bxc4 Bxc4 16. Qf3 Rb8 17. b3 Be6 18. Rad1 Re8 19. e5 Qd7 20. Ne4 Bd5 21.
Rd3 f5 22. exf6 Bf8 23. fxg7 Bxg7 24. Bd4 Qf5 25. Bxg7 Bxe4 26. Rxe4 Qxe4 27. Qg4 Qg6 28. Bc3 Qxg4 29. hxg4 Re4 30. Bxa5 Rc8 31. Bd2 Rce8 32. a5 Ra8 33. Kf2 Kf7 34. Kf3 d5 35. Rc3 Ra6 36.
Be3 Re6 37. Bd4 Rxa5 38. f5 Rd6 39. g5 Ra6 40. Bc5 Rd8 41. Re3 Re8 42. Rd3 Rg8 43. Kf4 Ra5 44. b4 Ra1 45. Re3 Rf1+ 46. Kg4 Rf2 47.
Re7+ Kf8 48. Rxh7+ Ke8 49. Re7+ Kd8 50. g3 Rxc2 51.
g6 Rc4+ 52. Kg5 Rxc5 53. f6 d4+ 54. Kg4 Rxg6+ 55. Kh3 Rxf6 56. Rh7 Rd6 57. bxc5 Rd5 58. Rh8+ Kd7 59. Ra8 d3 60. Ra1 Ke6 61. Rd1 Rd7 62.
Kg4 Ke5 63. Kf3 Rd5 64. Ke3 Rxc5 65. Rxd3 Ra5 66. Rd7 c5 67. Rxc7 Kd5 68. Rg7 Ra3+ 69. Kf2 c4 70. g4 Kd4 71. Rd7+ Kc3 72. g5 Ra2+ 73. Ke3 Ra1 74. Kf2 Ra2+ 75. Kf3 Ra6 76. Kf4 Ra1 77. g6 Rg1 78. Kf5 Kb3 79. Rb7+ Kc2 80.
g7 c3 81. Kf6 Kc1 82. Kf7 c2 83. g8=Q Rxg8 84. Kxg8 Kd2 85. Rd7+ Ke3 86. Re7+ Kd2 87. Rd7+ Ke2 88. Rc7 Kd2 89. Kf7 c1=Q 90. Rxc1 Kxc1 1/2-1/2

[Event "Early-Titled-Tuesday-Blitz-September-05-2023"]
[Site "Chess.com"]
[Date "2023.09.05"]
[Round "4"]
[White "Sibelephant"]
[Black "MatthewG-p4p"]
[Result "1/2-1/2"]
[WhiteElo "3126"]
[BlackElo "2882"]
[TimeControl "180+1"]
[EndTime "8:39:55 PDT"]
[Termination "Game drawn by agreement"]

1. d4 Nf6 2. Nf3 c5 3. e3 g6 4. Be2 cxd4 5. exd4 Bg7 6. O-O O-O 7. Re1 d6 8. Bf1 Nc6 9. c3 e5 10. dxe5 dxe5 11.
Qxd8 Rxd8 12. Bg5 h6 13. Bh4 Bg4 14. Nbd2 g5 15. Bg3 Nh5 16. Nc4 e4 17. Nfe5 Nxg3 18. Nxc6 bxc6 19. hxg3 Bf5 20. Rad1 Bg6 21. Na5 Rdb8 22.
Rd2 Rxb2 23. Rxb2 Bxc3 24. Reb1 Bxa5 25. Rb8+ Rxb8 26. Rxb8+ Kg7 27. Rc8 Bb6 28. Rxc6 e3 29.
fxe3 Bxe3+ 30. Kh2 Be4 31. Rc7 Bb6 32. Rd7 Bf5 33.
Rd2 Be6 34. Rc2 Bf5 35. Rc3 Kf6 36. Bd3 Bd7 37. Be2 Ke5 38. g4 Be6 39. a3 Kd4 40. Rc1 Ke3 41. Bf3 Kd4 42. Rd1+ Kc3 43. Bd5 Bxg4 44.
Rf1 f5 45. Be6 Be2 46. Rxf5 Bc7+ 47. Kg1 Bd3 48. Rf6 h5 49. Rh6 h4 50. Rh5 Bb6+ 51.
Kh1 Be3 52. Rh8 Be4 53. Rc8+ Kb2 54. Re8 Bb6 55. Bd7 Bd5 56. a4 Bc7 57. Rf8 Bf4 58.
Rf5 Bc4 59. Ra5 Be3 60. Re5 Bd4 61. Re4 Kc3 62. Bb5 Bd5 63. Rg4 Be3 64. Kh2 Bf4+ 65.
Kg1 Kd2 66. Kf2 Be3+ 67. Kf1 Bf4 68. Kf2 Be6 69. Kf3 Bxg4+ 70. Kxg4 Ke3 71. Kh3 Kf2 72. Bd7 Ke3 73. Bc8 Kd4 74. Bd7 Kc5 75.
Be8 Kb4 76. Bd7 a6 77. Be8 Kc5 78. Bd7 Kd4 79. Be8 Ke4 80. Bd7 Bg3 81. Kg4 Bf4 82. a5 Bd2 83. Bc8 h3 84. gxh3 Bxa5 85. Bb7+ Ke5 86. Bxa6 Kf6 87. h4 1/2-1/2

[Event "Early-Titled-Tuesday-Blitz-September-05-2023"]
[Site "Chess.com"]
[Date "2023.09.05"]
[Round "4"]
[White "Zkid"]
[Black "Indianlad"]
[Result "1-0"]
[WhiteElo "2871"]
[BlackElo "3053"]
[TimeControl "180+1"]
[EndTime "8:39:58 PDT"]
[Termination "Zkid won by resignation"]

1. e4 e6 2. d4 d5 3. Nd2 Nf6 4.
e5 Nfd7 5. Bd3 c5 6. c3 b6 7. Qe2 a5 8. Bb5 Ba6 9. a4 Qc8 10. f4 Nc6 11. Ngf3 cxd4 12. Nxd4 Nxd4 13. cxd4 Bxb5 14.
axb5 Bb4 15. O-O O-O 16. Nf3 Qc4 17. Qxc4 dxc4 18. Bd2 Be7 19. Rfc1 Rfc8 20. Ra4 Kf8 21. Raxc4 Rxc4 22. Rxc4 Ke8 23. b3 Nf8 24. g4 Bb4 25.
Bxb4 axb4 26. Nd2 Ng6 27. f5 Nf4 28. Ne4 Ra2 29. Nd6+ Kd7 30. Nxf7 h5 31. f6 gxf6 32. exf6 Nh3+ 33. Kf1 Rf2+ 34. Ke1 Rxf6 35. Ne5+ Kd6 36. gxh5 Kd5 37. Nd7 Rf3 38. Nxb6+ Kd6 39. Rxb4 Nf4 40. Nc4+ Kd5 41. Ne5 Re3+ 42. Kf2 Rc3 43. b6 Rc8 44. Kf3 Rf8 45. Ke3 Kd6 46. b7 Nd5+ 47. Ke4 Nxb4 48. Ng6 Rb8 49. h6 Rxb7 50. Kf4 Rh7 51. Kg5 Nd5 52. Nf8 Rh8 53. Ng6 Rh7 54. Nf8 Rf7 55. Ng6 Nf6 56. Ne5 Ne4+ 57. Kg6 Rf2 58. Ng4 Rf4 59.
h3 Rf8 60. Kg7 Rb8 61. h7 Rb7+ 62.
Kh6 Rb8 63. Ne5 Nf6 64. Nf7+ Kd5 65. h8=Q Rxh8+ 66. Nxh8 Kxd4 67. Kg6 Nd5 68. h4 e5 69. Nf7 e4 70. Ng5 e3 71. Kf5 e2 72.
Nf3+ Ke3 73. Kg4 Nf6+ 74. Kg3 Nh5+ 75. Kg2 Nf4+ 76. Kg3 Nh5+ 77. Kg2 Nf4+ 78. Kg3 Nd3 79. h5 Ne5 80. Ne1 Kd2 81. Ng2 Nf7 82. b4 Kd3 83. b5 Ke4 84. b6 Nd6 85. h6 Kd5 86. h7 e1=Q+ 87. Nxe1 Nf7 88. b7 1-0